 Dungeon Sprint DCSS version 0.30-a0-374-g95c0257040 (webtiles) character file.

Game seed: 9763107877253217153

788 McGhostyFace the Spear-Bearer (level 7, -3/59 HPs)
             Began as a Gnoll Wanderer on Nov 26, 2022.
             Slain by a deep elf pyromancer
             ... wielding a +0 long sword of holy wrath
              (8 damage)
             ... in the Dungeon (Sprint III: "The Ten Rune Challenge").
             The game lasted 00:05:23 (866 turns).

McGhostyFace the Spear-Bearer (Gnoll Wanderer)       Turns: 866, Time: 00:05:24

Health: -3/59      AC:  3    Str:  8    XL:     7   Next: 87%
Magic:  11/17      EV: 15    Int: 14    God:
Gold:   41         SH:  0    Dex: 14    Spells: 15/19 levels left

rFire   . . .      SeeInvis .    a - +3 spear
rCold   . . .      Faith    .    (no shield)
rNeg    . . .      Spirit   .    c - +0 robe
rPois   .          Reflect  .    (no helmet)
rElec   .          Harm     .    d - +0 cloak
rCorr   .          Rampage  .    (no gloves)
Will    .....      NoTele   +    (no boots)
Stlth   +++.......               (no amulet)
HPRegen 0.29/turn                (no ring)
MPRegen 0.15/turn                (no ring)

@: no status effects
A: fangs 1, strong nose, distributed training, mutation resistance 1, sense
surroundings 1
a: no special abilities


You were in the Dungeon.
You visited 1 branch You collected 41 gold pieces.

Inventory:

Hand Weapons
 a - a +3 spear (weapon)
Armour
 c - a +0 robe (worn)
 d - a +0 cloak (worn)
Scrolls
 i - a scroll of blinking
 k - 2 scrolls of torment {unknown}
 l - a scroll of vulnerability {unknown}
 n - a scroll of identify {unknown}
Potions
 b - a potion of attraction
 f - a potion of haste
 g - 2 potions of magic
 h - a potion of berserk rage
 j - 2 potions of mutation
 m - 2 potions of flight {unknown}


   Skills:
 + Level 6.7 Fighting
 + Level 6.2 Short Blades
 + Level 6.2 Long Blades
 + Level 6.2 Axes
 + Level 6.2 Maces & Flails
 + Level 12.1 Polearms
 + Level 6.2 Staves
 + Level 6.2 Ranged Weapons
 + Level 6.2 Throwing
 + Level 6.2 Armour
 + Level 6.7 Dodging
 + Level 6.2 Stealth
 + Level 6.2 Shields
 + Level 6.2 Unarmed Combat
 + Level 6.8 Spellcasting
 + Level 5.1 Conjurations
 + Level 5.1 Hexes
 + Level 5.1 Summonings
 + Level 5.1 Necromancy
 + Level 5.1 Translocations
 + Level 5.1 Transmutations
 + Level 5.1 Fire Magic
 + Level 5.1 Ice Magic
 + Level 6.4 Air Magic
 + Level 5.1 Earth Magic
 + Level 5.1 Poison Magic
 + Level 6.8 Invocations
 + Level 6.2 Evocations


You had 15 spell levels left.
You knew the following spells:

 Your Spells              Type           Power      Damage    Failure   Level
a - Shock                 Conj/Air       84%        1d8       1%          1
b - Kindle Blastsparks    Fire/Tloc/Air  40%        2d13      4%          3

Your spell library contained the following spells:

 Spells                   Type           Power      Damage    Failure   Level


Dungeon Overview and Level Annotations

Branches:
Dungeon (1/1)

Altars:
Cheibriados
Dithmenos
Elyvilon
Fedhas
Gozag
Hepliaklqana
Makhleb
Nemelex Xobeh
Okawaru
Qazlal
Ru
Trog
Uskayaw
Wu Jian
Xom
Yredelemnul
Zin
The Shining One
Jiyva
Lugonu


Innate Abilities, Weirdness & Mutations

You have very sharp teeth.
Your uncanny sense of smell can sniff out nearby items.
Your experience applies equally to all skills.
You are somewhat resistant to further mutation.
You passively map a small area around you.


Message History

The deep elf pyromancer gestures at you while chanting.
The bolt of fire hits you!!
Ouch! That really hurt!
You are too injured to fight recklessly!
You are too injured to fight recklessly!
You are too injured to fight recklessly!
You aren't carrying any items that you can evoke.
Unknown command.
Casting: Shock (safe; 1% risk of failure)
Confirm with . or Enter, or press ? or * to list all spells.
You don't know that spell.
Unknown command.
Unknown command.
You feel much better.
The deep elf pyromancer gestures at you while chanting.
The sticky flame hits you!
You are covered in liquid flames!
You are covered in liquid flames!
The deep elf pyromancer mumbles some strange words.
The deep elf pyromancer blinks!
Unknown command.
You are covered in liquid flames!
You are no longer on fire.
The fire elemental hits you. The fire elemental burns you!
The deep elf pyromancer mumbles some strange words.
The deep elf pyromancer blinks!
Casting: Shock (safe; 1% risk of failure)
Confirm with . or Enter, or press ? or * to list all spells.
Aiming: Shock (safe; 1% risk of failure)
Press: ? - help, Shift-Dir - straight line, p - deep elf pyromancer That beam is likely to hit you.
Continue anyway?
The zap hits the deep elf pyromancer.
The deep elf pyromancer is almost dead.
The zap hits the deep elf pyromancer.
The deep elf pyromancer is almost dead.
The zap hits you.
The zap misses the fire elemental.
The fire elemental hits you. The fire elemental burns you!
* * * LOW HITPOINT WARNING * * *
The deep elf pyromancer hits you with a +0 long sword of holy wrath!
You die...

▓▓▓ * ## ##.############
∆∆∆∆
.#####..#__°#___#__#**∆∆
..#..#..#!.○#__)#)_# , ,
..#..#..###'#'###'##,∆,
,,
..##'#..#....○○E@e.#∆∆
..###...'.⌠....E...#∆∆∆
∆∆
.####...#..§######'#∆∆
∆∆ .###....#.⌠.#__#...#
* .##.....#...#__#...#,
, , .#.)....#+###__#...#
* #.#.....# ∆∆#__#...+
####....# _ #__'...# , *
, ▓▓▓▓▓▓ ▓▓▓▓▓▓▓▓


You could see a deep elf pyromancer and 2 fire elementals.

Vanquished Creatures
  A shadow (D)
  A spatial vortex (D)
  A necrophage (D)
  A water elemental (D)
  Crazy Yiuf (D)
  A jelly (D)
  Jessica (D)
  A necromancer (D)
  3 humans (D)
  An endoplasm (D)
  2 rats (D)
14 creatures vanquished.

Notes
Turn   | Place    | Note
-------+----------+-------------------------------------------
     0 | D        | Reached skill level 10 in Polearms
     0 | D        | McGhostyFace the Gnoll Wanderer began the quest for the
                  | Orb.
     0 | D        | McGhostyFace set off with the following items: a +3 spear,
                  | a potion of attraction, a +0 robe, a potion of curing, a
                  | potion of heal wounds, a potion of haste, 2 potions of
                  | magic, a potion of berserk rage, a scroll of blinking; and
                  | the following spell memorised: Shock; and the following
                  | spells available to memorise: Kindle Blastsparks.
     0 | D        | Reached XP level 1. HP: 17/17 MP: 4/4
    30 | D        | Noticed Jessica
    35 | D        | Killed Jessica
    36 | D        | Reached skill level 1 in Short Blades
    36 | D        | Reached skill level 1 in Long Blades
    36 | D        | Reached skill level 1 in Axes
    36 | D        | Reached skill level 1 in Maces & Flails
    36 | D        | Reached skill level 1 in Staves
    36 | D        | Reached skill level 1 in Ranged Weapons
    36 | D        | Reached skill level 1 in Throwing
    36 | D        | Reached skill level 1 in Armour
    36 | D        | Reached skill level 1 in Stealth
    36 | D        | Reached skill level 1 in Shields
    36 | D        | Reached skill level 1 in Unarmed Combat
    36 | D        | Reached skill level 1 in Conjurations
    36 | D        | Reached skill level 1 in Hexes
    36 | D        | Reached skill level 1 in Summonings
    36 | D        | Reached skill level 1 in Necromancy
    36 | D        | Reached skill level 1 in Translocations
    36 | D        | Reached skill level 1 in Transmutations
    36 | D        | Reached skill level 1 in Fire Magic
    36 | D        | Reached skill level 1 in Ice Magic
    36 | D        | Reached skill level 1 in Earth Magic
    36 | D        | Reached skill level 1 in Poison Magic
    36 | D        | Reached skill level 1 in Evocations
    36 | D        | Reached XP level 2. HP: 12/24 MP: 6/6
    36 | D        | Reached XP level 3. HP: 15/29 MP: 7/7
   222 | D        | Noticed Crazy Yiuf
   230 | D        | Killed Crazy Yiuf
   231 | D        | Reached XP level 4. HP: 28/37 MP: 10/10
   254 | D        | Gained mutation: You have a pair of small horns on your
                  | head. [potion of mutation]
   255 | D        | Lost mutation: You have a pair of small horns on your head.
                  | [potion of mutation]
   255 | D        | Gained mutation: You are somewhat resistant to further
                  | mutation. [potion of mutation]
   255 | D        | Gained mutation: You passively map a small area around you.
                  | [potion of mutation]
   261 | D        | Noticed a water elemental
   267 | D        | Learned a level 3 spell: Kindle Blastsparks
   271 | D        | Killed a water elemental
   272 | D        | Reached skill level 11 in Polearms
   272 | D        | Reached XP level 5. HP: 24/43 MP: 4/11
   352 | D        | Found a hide-covered altar of Uskayaw.
   352 | D        | Found an iron altar of Okawaru.
   352 | D        | Found a bloodstained altar of Trog.
   352 | D        | Found an ornate altar of the Wu Jian Council.
   352 | D        | Noticed a human
   353 | D        | Noticed a human
   376 | D        | Killed a human
   377 | D        | Reached skill level 5 in Fighting
   377 | D        | Reached skill level 5 in Dodging
   377 | D        | Reached skill level 5 in Spellcasting
   377 | D        | Reached skill level 5 in Air Magic
   377 | D        | Reached XP level 6. HP: 12/51 MP: 4/14
   382 | D        | Killed a human
   383 | D        | Reached skill level 5 in Short Blades
   383 | D        | Reached skill level 5 in Long Blades
   383 | D        | Reached skill level 5 in Axes
   383 | D        | Reached skill level 5 in Maces & Flails
   383 | D        | Reached skill level 5 in Staves
   383 | D        | Reached skill level 5 in Ranged Weapons
   383 | D        | Reached skill level 5 in Throwing
   383 | D        | Reached skill level 5 in Armour
   383 | D        | Reached skill level 5 in Stealth
   383 | D        | Reached skill level 5 in Shields
   383 | D        | Reached skill level 5 in Unarmed Combat
   383 | D        | Reached skill level 5 in Invocations
   383 | D        | Reached skill level 5 in Evocations
   545 | D        | Found a basalt altar of Yredelemnul.
   545 | D        | Found a shadowy altar of Dithmenos.
   545 | D        | Found a sacrificial altar of Ru.
   552 | D        | Reached XP level 7. HP: 53/58 MP: 9/16
   633 | D        | Noticed a shadow
   650 | D        | Killed a shadow
   790 | D        | Found a blossoming altar of Fedhas.
   790 | D        | Found a stormy altar of Qazlal.
   790 | D        | Found a snail-covered altar of Cheibriados.
   790 | D        | Found a burning altar of Makhleb.
   790 | D        | Found a shimmering altar of Xom.
   791 | D        | Found a hazy altar of Hepliaklqana.
   791 | D        | Found an opulent altar of Gozag.
   791 | D        | Found a sparkling altar of Nemelex Xobeh.
   791 | D        | Found a corrupted altar of Lugonu.
   791 | D        | Found a viscous altar of Jiyva.
   791 | D        | Noticed a spatial vortex
   826 | D        | Killed a spatial vortex
   827 | D        | Reached skill level 12 in Polearms
   827 | D        | Reached skill level 5 in Conjurations
   827 | D        | Reached skill level 5 in Hexes
   827 | D        | Reached skill level 5 in Summonings
   827 | D        | Reached skill level 5 in Necromancy
   827 | D        | Reached skill level 5 in Translocations
   827 | D        | Reached skill level 5 in Transmutations
   827 | D        | Reached skill level 5 in Fire Magic
   827 | D        | Reached skill level 5 in Ice Magic
   827 | D        | Reached skill level 5 in Earth Magic
   827 | D        | Reached skill level 5 in Poison Magic
   850 | D        | Found a glowing silver altar of Zin.
   850 | D        | Found a glowing golden altar of the Shining One.
   850 | D        | Found a white marble altar of Elyvilon.
   851 | D        | Noticed a deep elf pyromancer
   857 | D        | Noticed a fire elemental
   857 | D        | Noticed a fire elemental
   866 | D        | Slain by a deep elf pyromancer

Illustrated notes

Levels and vault maps discovered:
D:        dungeon_sprint_mu [sprint_mu_entry_cave, sprint_mu_temple_rooms,
          sprint_mu_d1_spiders, sprint_mu_d2_genie, sprint_mu_d3_branching,
          sprint_mu_orc_legion, sprint_mu_elf_gauntlet, sprint_mu_hive_nellie,
          sprint_mu_lair_fedhas, sprint_mu_vaults_butterflies,
          sprint_mu_slime_circle, sprint_mu_swamp_cave, sprint_mu_shoals_kraken,
          sprint_mu_blade_basic, sprint_mu_crypt_chambers,
          sprint_mu_tomb_spiral, sprint_mu_vestibule_basic,
          sprint_mu_gehenna_hellfire, sprint_mu_dis_giant,
          sprint_mu_tartarus_statrot, sprint_mu_cocytus_islands, sprint_mu_zot1]

Skill      XL: |  1  2  3  4  5  6  7 |
---------------+----------------------+-----
Polearms       | 11 12 | 12.1
Fighting       | 3 4 5 6 |  6.7
Short Blades   | 1 2 3 4 5 6 |  6.2
Long Blades    | 1 2 3 4 5 6 |  6.2
Axes           | 1 2 3 4 5 6 |  6.2
Maces & Flails | 1 2 3 4 5 6 |  6.2
Staves         | 1 2 3 4 5 6 |  6.2
Ranged Weapons | 1 2 3 4 5 6 |  6.2
Throwing       | 1 2 3 4 5 6 |  6.2
Armour         | 1 2 3 4 5 6 |  6.2
Dodging        | 3 4 5 6 |  6.7
Stealth        | 1 2 3 4 5 6 |  6.2
Shields        | 1 2 3 4 5 6 |  6.2
Unarmed Combat | 1 2 3 4 5 6 |  6.2
Spellcasting   | 3 4 5 6 |  6.8
Conjurations   | 1 2 3 4 5 |  5.1
Hexes          | 1 2 3 4 5 |  5.1
Summonings     | 1 2 3 4 5 |  5.1
Necromancy     | 1 2 3 4 5 |  5.1
Translocations | 1 2 3 4 5 |  5.1
Transmutations | 1 2 3 4 5 |  5.1
Fire Magic     | 1 2 3 4 5 |  5.1
Ice Magic      | 1 2 3 4 5 |  5.1
Air Magic      | 4 5 6 |  6.4
Earth Magic    | 1 2 3 4 5 |  5.1
Poison Magic   | 1 2 3 4 5 |  5.1
Invocations    | 2 3 4 5 6 |  6.8
Evocations     | 1 2 3 4 5 6 |  6.2

Action                   |  1- 3 |  4- 6 |  7- 9 || total
-------------------------+-------+-------+-------++-------
Melee: Spear             |    26 |    17 |    30 ||    73
       Bite              |     2 |     1 |     3 ||     6
       Punch             |     1 |     2 |       ||     3
 Cast: Shock             |     8 |     5 |    11 ||    24
       Kindle Blastspark |       |     5 |     2 ||     7
  Use: Potion            |     1 |     3 |     1 ||     5
Armor: Robe              |       |     1 |     2 ||     3
Dodge: Dodged            |     5 |    13 |     2 ||    20

Table legend: (Time is in decaauts)
 A = Elapsed time spent in this place.
 B = Non-inter-level travel time spent in this place.
 C = Inter-level travel time spent in this place.
 D = Time resting spent in this place.
 E = Time spent auto-exploring this place.
 F = Levels seen in this place.
 G = Mean time per level.
                   A        B        C        D        E       F      G
               +--------+--------+--------+--------+--------+-----+--------+
         Total |    847 |    847 |      0 |    547 |      5 |   1 |  847.0 |
       Dungeon |    847 |    847 |      0 |    547 |      5 |   1 |  847.0 |
               +--------+--------+--------+--------+--------+-----+--------+

Top non-repeatable levels by time:
       D: 847 daAuts
